 Dungeon Crawl Stone Soup version 0.31-a0-774-g0d66cbabe8 (webtiles) character file.

Game seed: 7550880625521448098

16009 AiryTheDragon the Mimic (level 12, -3/90 HPs)
             Began as a White Draconian Shapeshifter on Sept 17, 2023.
             Was a Follower of Hepliaklqana.
             Slain by a harpy (7 damage)
             ... on level 2 of the Lair of Beasts on Sept 18, 2023.
             The game lasted 02:37:09 (10758 turns).

AiryTheDragon the Mimic (DrSh)                     Turns: 10758, Time: 02:37:09

Health: -3/90      AC: 14    Str: 17    XL:     12   Next: 6%
Magic:  20/21      EV: 14    Int: 13    God:    Hepliaklqana [*.....]
Gold:   725        SH:  0    Dex: 13    Spells: 1/23 levels left

rFire   . . .        q - melded +3 whip (flame)
rCold   + . .        (shield currently unavailable)
rNeg    + . .        (body armour unavailable)
rPois   .            (helmet restricted)
rElec   .            F - +2 cloak {rCorr}
rCorr   +            (no gloves)
SInv    .            u - +2 pair of boots
Will    .....        l - amulet of regeneration
Stlth   +            K - ring of wizardry
HPRegen 1.15/turn    e - ring of positive energy
MPRegen 0.17/turn

%: wizardry (x1)
@: short of breath, flux-form, very slightly contaminated, hasted, glowing, very
quick
A: glow, contaminating, reduced essence, breathe frost, AC +8, unfitting armour,
cold resistance 1, cold-blooded
a: Breathe Frost, Begin Untransformation, Renounce Religion, Recall Ancestor,
Ancestor Identity


You were on level 2 of the Lair of Beasts.
You worshipped Hepliaklqana.
Hepliaklqana was aware of your devotion.
You were something dangerously unstable.
You visited 3 branches of the dungeon, and saw 13 of its levels.

You collected 805 gold pieces.
You spent 80 gold pieces at shops.

Inventory:

Hand Weapons
 q - a +3 whip of flaming (melded)
 A - a +4 quarterstaff of chaos
 B - a +7 halberd of freezing
 C - a +2 halberd of venom
 E - the +5 falchion of Divine Punishment {freeze, Stlth+}
   (You found it on level 5 of the Dungeon)

   Stlth+:    It makes you more stealthy.
 P - a +5 battleaxe of freezing
Missiles
 G - 13 poisoned darts
 Q - 4 boomerangs
Armour
 u - a +2 pair of boots (worn)
 F - a +2 cloak of preservation (worn)
Jewellery
 e - a ring of positive energy (right hand)
 l - an amulet of regeneration (around neck)
 o - an amulet of the acrobat
 v - a ring of fire
 K - a ring of wizardry (left hand)
 L - a ring of flight
 N - a ring of ice
Talismans
 b - a beast talisman
 c - a flux talisman (active)
Wands
 t - a wand of roots (7)
 D - a wand of charming (14)
 J - a wand of flame (14)
 O - a wand of acid (3)
Scrolls
 d - 3 scrolls of enchant armour
 m - 3 scrolls of immolation
 n - 2 scrolls of fog
 p - a scroll of noise {unknown}
 r - 2 scrolls of enchant weapon
 s - 2 scrolls of blinking {unknown}
 w - a scroll of silence {unknown}
 x - 2 scrolls of teleportation {unknown}
 y - a scroll of amnesia {unknown}
 R - a scroll of torment {unknown}
 S - a scroll of revelation {unknown}
Potions
 f - 4 potions of curing
 h - 4 potions of enlightenment
 j - 2 potions of cancellation
 z - a potion of experience {unknown}
 H - a potion of degeneration {unknown}
 M - a potion of magic {unknown}


   Skills:
 * Level 7.4 Fighting
 + Level 2.3 Long Blades
 + Level 1.4(3.5) Maces & Flails
 + Level 1.7(3.7) Polearms
 + Level 5.1(5.4) Staves
 + Level 2.5 Throwing
 * Level 6.1 Dodging
 + Level 4.3 Stealth
 + Level 7.0 Unarmed Combat
 + Level 6.1 Spellcasting
 + Level 1.6 Conjurations
 + Level 4.3 Summonings
 + Level 2.1 Translocations
 * Level 0.3 Ice Magic
 + Level 4.5 Air Magic
 + Level 0.4 Earth Magic
 + Level 2.6 Invocations
 * Level 2.1 Evocations
 * Level 8.9 Shapeshifting


You had one spell level left.
You knew the following spells:

 Your Spells              Type           Power      Damage    Failure   Level
a - Momentum Strike       Conj/Tloc      16%        3d8       4%          2
b - Blink                 Tloc           18%        N/A       4%          2
c - Stone Arrow           Conj/Erth      12%        3d7       13%         3
d - Summon Lightning Spi  Summ/Air       15%        N/A       11%         4
e - Airstrike             Air            7%         2d(2-18)  11%         4
f - Teleport Other        Tloc           9%         N/A       9%          3
g - Summon Ice Beast      Ice/Summ       10%        N/A       26%         4

Your spell library contained the following spells:

 Spells                   Type           Power      Damage    Failure   Level
 Shock                    Conj/Air       48%        1d6       1%          1
 Summon Small Mammal      Summ           60%        N/A       1%          1
 Kiss of Death            Conj/Necr      24%        2d7       4%          1
 Call Imp                 Summ           30%        N/A       1%          2
 Static Discharge         Conj/Air       24%        2-3/arc   2%          2
 Call Canine Familiar     Summ           15%        N/A       3%          3
 Swiftness                Air            15%        N/A       3%          3
 Lesser Beckoning         Tloc           18%        N/A       4%          2
 Gell's Gravitas          Tloc           9%         N/A       9%          3
 Confusing Touch          Hex            4%         N/A       21%         3
 Inner Flame              Hex/Fire       4%         N/A       21%         3
 Tukima's Dance           Hex            4%         N/A       21%         3
 Manifold Assault         Tloc           9%         N/A       26%         4
 Iskenderun's Mystic Bla  Conj/Tloc      8%         2d4       30%         4
 Dimensional Bullseye     Hex/Tloc       3%         N/A       38%         4
 Dispel Undead            Necr           4%         3d7       52%         4
 Yara's Violent Unravell  Hex/Tmut       2%         3d3       86%         5
 Dispersal                Tloc           4%         N/A       98%         6
 Enfeeble                 Hex            2%         N/A       100%        7
 Summon Hydra             Summ           7%         N/A       100%        7
 Disjunction              Tloc           4%         N/A       100%        8
 Lehudib's Crystal Spear  Conj/Erth      3%         10d2      100%        8
 Animate Armour           Summ/Erth      Unusable   N/A       N/A         4

Dungeon Overview and Level Annotations

Branches:
Dungeon (10/15)            Temple (1/1) D:4            Lair (2/5) D:9
 Shoals (0/4) Lair:2
  Snake: Lair:2-3    Spider: Lair:2-3       Orc: D:9-12

Altars:
Ashenzari
Cheibriados
Dithmenos
Elyvilon
Fedhas
Gozag
Hepliaklqana
Kikubaaqudgha
Makhleb
Nemelex Xobeh
Okawaru
Qazlal
Ru
Sif Muna
Trog
Uskayaw
Vehumet
Wu Jian
Xom
Yredelemnul
Zin
The Shining One

Shops:
D:2 *

Annotations:
D:10 Urug


Innate Abilities, Weirdness & Mutations

You are something dangerously unstable.
You glow with magical radiation, making you easy to see and hit.
Foes you strike become dangerously contaminated with magical radiation.
You are incapable of wielding weapons or throwing items.
Your life essence is reduced to manifest your ancestor. (-10% HP)
You can breathe waves of freezing cold which knock back foes.
Your icy white scales are hard. (AC +8)
You cannot fit into any form of body armour.
Your flesh is cold resistant. (rC+)
You are cold-blooded and may be slowed by cold attacks.


Message History

The harpy closely misses you. The harpy claws you.
* * * LOW HITPOINT WARNING * * *
The harpy barely misses you.
Okay, then.
Aiming: Breathe Frost (2% risk of failure)
Press: ? - help, Shift-Dir - straight line, f - harpy
Aim: a harpy (moderately wounded, 71% to hit)
You exhale a wave of freezing cold.
The freezing breath hits the harpy!
The harpy is severely wounded.
The harpy is knocked back by the freezing wind.
The freezing breath misses the harpy.
The harpy claws you.
* * * LOW HITPOINT WARNING * * *
The harpy misses you. The harpy claws you.
* * * LOW HITPOINT WARNING * * *
The harpy closely misses you.
Attack: -) Nothing wielded
Press: ? - help, Dir - move target, f - harpy, p - harpy
Aim: a harpy (about 32% to evade your hands)
Okay, then.
Aiming: Charm
Press: ? - help, Shift-Dir - straight line, f/p - harpy
Aim: a harpy (moderately wounded, chance to affect: 54%)
The harpy resists with significant effort.
The harpy misses you. x3; The harpy claws you!
* * * LOW HITPOINT WARNING * * *
The harpy claws you.
* * * LOW HITPOINT WARNING * * *
The harpy barely misses you.
Okay, then.
You feel much better. The harpy claws you.
* * * LOW HITPOINT WARNING * * *
The harpy closely misses you. x2; The harpy claws you.
* * * LOW HITPOINT WARNING * * *
The harpy closely misses you. The harpy claws you but does no damage.
You feel yourself speed up. The harpy claws you.
* * * LOW HITPOINT WARNING * * *
The harpy closely misses you. x2; The harpy misses you.
The harpy claws you!
* * * LOW HITPOINT WARNING * * *
The harpy claws you!
You die...

#..## #. #..# ## #
#P.# #. .~ ##.## ##
~~~ ######...# #
.#~.####.#.###..#.###
#.
>.~...................
##
.#~~.#.H..##.P###.P##.
~~~~~#.(Hp##.......#
~~.~~..#.HH.....#.#.#
..~............## ..#
......#........# .#
#...>.##......P# #
#.##..#........P. # #.
#^..........
).......$...###
...#.....#.#


You could see 4 harpies.

Vanquished Creatures
  A catoblepas (Lair:1)
  A two-headed ogre (D:9)
  Pikel (D:8)
  A torpor snail (Lair:1)
  A black mamba (Lair:2)
  A cane toad (Lair:1)
  7 komodo dragons
  A kobold demonologist (D:6)
  A troll (D:6)
  31 yaks
  A wyvern (D:9)
  2 basilisks (Lair:1)
  Eustachio (D:5)
  A steam dragon (D:8)
  3 water moccasins
  6 orc warriors
  2 nameless horrors (Lair:1)
  2 sky beasts
  3 black bears
  2 ice beasts
  An ogre (D:6)
  6 wolves (Lair:1)
  3 centaurs
  A phantom (D:6)
  3 kobold brigands
  7 bullfrogs
  A gnoll sergeant (D:8)
  2 scorpions
  13 wights
  7 killer bees (D:9)
  3 jellies (D:8)
  3 hounds
  4 orc priests
  Crazy Yiuf (D:4)
  14 iguanas
  A sleepcap (D:7)
  8 orc wizards
  12 gnolls
  8 adders
  A shadow imp (D:6)
  A dart slug (D:5)
  28 orcs
  6 endoplasms
  9 goblins
  8 hobgoblins
  5 quokkas
  9 ball pythons
  4 bats
  6 frilled lizards
  19 kobolds
  6 rats
269 creatures vanquished.

Vanquished Creatures (collateral kills)
  A komodo dragon (Lair:1)
  A basilisk (Lair:1)
  A wight (D:9)
  2 orc priests
  An orc wizard (D:9)
  3 orcs
9 creatures vanquished.

Vanquished Creatures (others)
  3 ancestors
3 creatures vanquished.

Grand Total: 281 creatures vanquished

Notes
Turn   | Place    | Note
-------+----------+-------------------------------------------
     0 | D:1      | AiryTheDragon the Draconian Shapeshifter began the quest
                  | for the Orb.
     0 | D:1      | Reached XP level 1. HP: 16/16 MP: 1/1
   196 | D:1      | Reached XP level 2. HP: 23/23 MP: 2/2
   889 | D:2      | Reached XP level 3. HP: 21/28 MP: 3/3
   998 | D:2      | Found Okayhusi's General Store.
  1006 | D:2      | Bought a potion of cancellation for 80 gold pieces
  1576 | D:3      | Reached XP level 4. HP: 35/35 MP: 4/4
  1820 | D:3      | Learned a level 2 spell: Momentum Strike
  2198 | D:3      | Noticed a bullfrog
  2207 | D:3      | Killed a bullfrog
  2208 | D:3      | Reached skill level 4 in Shapeshifting
  2208 | D:3      | Reached XP level 5. HP: 41/41 MP: 2/5
  2506 | D:4      | Reached skill level 1 in Stealth
  2637 | D:4      | Learned a level 2 spell: Blink
  2726 | D:4      | Found a blossoming altar of Fedhas.
  2788 | D:4      | Found a staircase to the Ecumenical Temple.
  2797 | Temple   | Entered the Ecumenical Temple
  2880 | D:4      | Reached skill level 1 in Spellcasting
  2904 | D:4      | Found a glowing golden altar of the Shining One.
  2905 | D:4      | Found a white marble altar of Elyvilon.
  2906 | D:4      | Found a glowing silver altar of Zin.
  3147 | D:4      | Found a runed translucent door.
  3148 | D:4      | Noticed Crazy Yiuf
  3154 | D:4      | Killed Crazy Yiuf
  3155 | D:4      | Reached XP level 6. HP: 37/49 MP: 7/7
  3240 | D:5      | Entered Level 5 of the Dungeon
  3244 | D:5      | Noticed an ice beast
  3252 | D:5      | Killed an ice beast
  3381 | D:5      | Noticed Eustachio
  3509 | D:6      | Noticed a sky beast
  3535 | D:6      | Your scales start taking on an icy white colour.
  3535 | D:6      | Reached XP level 7. HP: 56/56 MP: 9/9
  3535 | D:6      | Gained mutation: Your flesh is cold resistant. (rC+) [White
                  | Draconian growth]
  3548 | D:6      | Noticed a kobold demonologist
  3554 | D:6      | Learned a level 3 spell: Stone Arrow
  3556 | D:6      | Noticed a troll
  3619 | D:5      | Reached skill level 1 in Maces & Flails
  3630 | D:5      | Identified the +5 falchion of Divine Punishment {freeze,
                  | Stlth+}
  3693 | D:5      | Killed Eustachio
  3694 | D:5      | Reached skill level 1 in Polearms
  3853 | D:5      | Reached skill level 1 in Throwing
  4173 | D:5      | Reached skill level 1 in Long Blades
  4194 | D:5      | Reached skill level 1 in Conjurations
  4194 | D:5      | Reached skill level 5 in Shapeshifting
  4264 | D:5      | Reached XP level 8. HP: 54/66 MP: 8/11
  4279 | D:5      | Reached skill level 1 in Translocations
  4379 | D:6      | Killed a kobold demonologist
  4393 | D:6      | Reached skill level 1 in Staves
  4515 | D:6      | Killed a troll
  4774 | D:6      | Reached XP level 9. HP: 61/73 MP: 14/14
  4834 | D:6      | Learned a level 4 spell: Summon Lightning Spire
  4952 | D:6      | Reached skill level 5 in Fighting
  4952 | D:6      | Reached skill level 6 in Shapeshifting
  5119 | D:7      | Learned a level 4 spell: Airstrike
  5120 | D:7      | Reached skill level 1 in Summonings
  5308 | D:7      | Reached skill level 1 in Air Magic
  5617 | D:7      | Found a sacrificial altar of Ru.
  6370 | D:8      | Noticed Pikel
  6377 | D:8      | Killed Pikel
  6378 | D:8      | Reached XP level 10. HP: 79/83 MP: 16/16
  6487 | D:8      | Reached skill level 5 in Staves
  6770 | D:8      | Reached skill level 7 in Shapeshifting
  6933 | D:8      | Identified the +2 helmet "Elyg Denga" {Rampage *Corrode rF+
                  | rN++}
  7481 | D:9      | Noticed a two-headed ogre
  7490 | D:10     | Entered Level 10 of the Dungeon
  7490 | D:10     | Noticed Urug
  7615 | Temple   | Became a worshipper of Hepliaklqana the Forgotten
  8076 | D:9      | Found an ornate altar of the Wu Jian Council.
  8106 | D:9      | Learned a level 3 spell: Teleport Other
  8169 | D:9      | Found a radiant altar of Vehumet.
  8173 | D:9      | Found a snail-covered altar of Cheibriados.
  8173 | D:9      | Found a burning altar of Makhleb.
  8196 | D:9      | Found a hide-covered altar of Uskayaw.
  8199 | D:9      | Found a sparkling altar of Nemelex Xobeh.
  8237 | D:9      | Found a broken altar of Ashenzari.
  8306 | D:9      | Killed a two-headed ogre
  8481 | D:9      | Identified a scroll of acquirement
  8481 | D:9      | Acquired the Incunable of Command
  8507 | D:9      | Reached skill level 5 in Spellcasting
  8706 | D:9      | Reached skill level 5 in Unarmed Combat
  8731 | D:9      | Found a staircase to the Lair.
  8825 | Lair:1   | Entered Level 1 of the Lair of Beasts
  8886 | Lair:1   | Reached XP level 11. HP: 84/91 MP: 14/18
  8890 | Lair:1   | Reached skill level 5 in Dodging
  9069 | Lair:1   | Reached skill level 8 in Shapeshifting
  9220 | Lair:1   | Reached * piety under Hepliaklqana
  9782 | Lair:1   | Reached skill level 1 in Invocations
  9782 | Lair:1   | Reached skill level 1 in Evocations
  9803 | Lair:1   | Learned a level 4 spell: Summon Ice Beast
  9809 | Lair:1   | Noticed a catoblepas
  9850 | Lair:1   | Killed a catoblepas
 10531 | Lair:2   | Reached XP level 12. HP: 63/90 MP: 21/21
 10729 | Lair:2   | Found a staircase to the Shoals.
 10753 | Lair:2   | HP: 3/90 [harpy (6)]
 10758 | Lair:2   | HP: 4/90 [harpy (13)]
 10758 | Lair:2   | Slain by a harpy

Illustrated notes

Levels and vault maps discovered:
D:1:      wander_arrival_estate, layout_basic, amcnicky_mini_pool_small,
          minmay_octomino_j4
D:2:      minmay_evil_eye, layout_rooms, serial_shops, nicolae_shop_peninsula
D:3:      layout_basic, item_on_display_a
D:4:      layout_basic, good_gods_temple_1, fedhas_altar_decomposition,
          minmay_temple_entry_junction, minmay_pentomino_pile,
          uniq_crazy_yiuf_cottage
D:5:      layout_gridville, uniq_eustachio
D:6:      cheibrodos_thug_alley, layout_basic, minmay_manual_mandibuliform
D:7:      layout_gridville, kennysheep_little_box
D:8:      layout_cave_pods, corexii_checkpoint_b, reono_crystal_passage,
          minmay_misc_feat_enclosed, kennysheep_generic_room_6, uniq_pikel
D:9:      layout_stronghold, nzn_wu_jian_contemplation,
          nicolae_ashenzari_panopticon, minmay_overflow_temple_star_hex,
          david_lair_generic
D:10:     gammafunk_cloud_chamber, layout_loops_cross, orc_0_dummy,
          uniq_gastronok, uniq_urug
Temple:   nicolae_temple_bog_church
Lair:1:   beast_lair_carwin_large_4, layout_loops_ring, minivault_19,
          evilmike_ambush [evilmike_ambush_outer_doors,
          evilmike_ambush_inner_pond]
Lair:2:   layout_loops_ring, nicolae_shoals_entry_roost

Skill      XL: |  1  2  3  4  5  6  7  8  9 10 11 12 |
---------------+-------------------------------------+-----
Dodging        | 2 3 4 6 |  6.1
Unarmed Combat | 4 5 6 7 |  7.0
Shapeshifting  | 4 5 6 7 8 |  8.9
Fighting       | 2 3 4 5 6 7 |  7.4
Stealth        | 1 2 3 4 |  4.3
Spellcasting   | 1 2 3 4 5 6 |  6.1
Maces & Flails | 1 |  1.4
Polearms       | 1 |  1.7
Throwing       | 1 2 |  2.5
Long Blades    | 1 2 |  2.3
Conjurations   | 1 |  1.6
Translocations | 1 2 |  2.1
Staves         | 2 4 5 |  5.1
Summonings     | 2 4 |  4.3
Air Magic      | 2 4 |  4.5
Invocations    | 2 |  2.6
Evocations     | 2 |  2.1
Ice Magic      | |  0.3
Earth Magic    | |  0.4

Action                     |  1- 3 |  4- 6 |  7- 9 | 10-12 || total
---------------------------+-------+-------+-------+-------++-------
  Melee: Unarmed           |   129 |    48 |       |   466 ||   643
         Tailslap          |    16 |    15 |    29 |   113 ||   173
         Punch             |     1 |     5 |     1 |       ||     7
         Whip              |       |    46 |       |    15 ||    61
         Halberd           |       |     9 |     7 |       ||    16
         Falchion          |       |       |    41 |       ||    41
         Quarterstaff      |       |       |   161 |    47 ||   208
  Throw: Dart              |       |     6 |    13 |     7 ||    26
   Cast: Momentum Strike   |       |     4 |     6 |    11 ||    21
         Blink             |       |       |     4 |     6 ||    10
         Stone Arrow       |       |       |     2 |    14 ||    16
         Summon Lightning  |       |       |     2 |    15 ||    17
         Airstrike         |       |       |     2 |    12 ||    14
         Teleport Other    |       |       |       |     2 ||     2
         Summon Ice Beast  |       |       |       |     2 ||     2
 Invoke: Recall Ancestor   |       |       |       |     1 ||     1
Ability: Breathe Frost     |       |       |     2 |    11 ||    13
  Evoke: Wand              |       |       |       |     3 ||     3
    Use: Scroll            |       |     5 |     4 |     9 ||    18
         Potion            |       |     2 |     2 |     7 ||    11
   Stab: Sleeping          |     2 |     5 |     5 |     2 ||    14
         Distracted        |       |       |     1 |     2 ||     3
         Confused          |       |       |     1 |       ||     1
         Paralysed         |       |       |     3 |       ||     3
         Petrified         |       |       |       |     3 ||     3
 Armour: Skin              |    54 |    45 |   146 |   438 ||   683
  Dodge: Dodged            |    73 |    38 |   156 |   353 ||   620
   Form: Flux              |       |       |       |     1 ||     1

Table legend: (Time is in decaauts)
 A = Elapsed time spent in this place.
 B = Non-inter-level travel time spent in this place.
 C = Inter-level travel time spent in this place.
 D = Time resting spent in this place.
 E = Time spent auto-exploring this place.
 F = Levels seen in this place.
 G = Mean time per level.
                   A        B        C        D        E       F      G
               +--------+--------+--------+--------+--------+-----+--------+
         Total |  10747 |  10178 |    569 |    347 |   7186 |  13 |  826.7 |
       Dungeon |   8786 |   8276 |    510 |    226 |   5996 |  10 |  878.6 |
        Temple |     53 |     18 |     35 |      0 |      0 |   1 |   53.0 |
          Lair |   1908 |   1885 |     23 |    121 |   1189 |   2 |  954.0 |
               +--------+--------+--------+--------+--------+-----+--------+

Top non-repeatable levels by time:
  Lair:1: 1646 daAuts
     D:8: 1359 daAuts
     D:7: 1114 daAuts
     D:9: 1080 daAuts
     D:6: 1039 daAuts
     D:3: 948 daAuts
     D:5: 944 daAuts
     D:4: 867 daAuts
     D:1: 774 daAuts
     D:2: 655 daAuts
  Lair:2: 261 daAuts
  Temple: 53 daAuts
    D:10: 1 daAuts
